 Dungeon Crawl Stone Soup version 0.22.0 (webtiles) character file.

70 CyclopB the Slasher (level 4, 36/36 HPs)
             Began as a Barachi Monk on Dec 25, 2018.
             Was a Believer of Zin.
             Quit the game on level 3 of the Dungeon.
             The game lasted 00:12:21 (2904 turns).

CyclopB the Slasher (Barachi Monk)                  Turns: 2904, Time: 00:12:21

Health: 36/36      AC:  5    Str: 13    XL:     4   Next: 22%
Magic:  4/4        EV: 14    Int: 10    God:    Zin [**....]
Gold:   135        SH:  0    Dex: 15    Spells: 3/3 levels left

rFire    . . .     SeeInvis .   a - +0 falchion
rCold    . . .     Gourm    .   (no shield)
rNeg     . . .     Faith    .   k - +0 leather armour
rPois    .         Spirit   .   (no helmet)
rElec    .         Reflect  .   (no cloak)
rCorr    .         Harm     .   h - +0 pair of gloves
MR       .....                  (no boots)
Stlth    ++........             (no amulet)
HPRegen  0.12/turn              f - +1 ring of protection
MPRegen  0.09/turn              (no ring)

@: slow
A: +LOS, swims, slowness 1, strong legs 1
a: Hop, Recite, Vitalisation, Donate Gold, Renounce Religion


You were on level 3 of the Dungeon.
You worshipped Zin.
Zin was pleased with you.
You were not hungry.

You visited 1 branch of the dungeon, and saw 3 of its levels.

You collected 149 gold pieces.
You donated 14 gold pieces to Zin.

Inventory:

Hand Weapons
 a - a +0 falchion (weapon)
Missiles
 d - 51 stones (quivered)
Armour
 b - a +0 robe
 h - a +0 pair of gloves (worn)
 j - a cursed +0 ring mail
 k - a +0 leather armour (worn)
Jewellery
 f - a +1 ring of protection (left hand)
 m - an uncursed ring of ice
Scrolls
 n - a scroll of enchant armour {unknown}
 o - a scroll of immolation {unknown}
 p - a scroll of magic mapping {unknown}
 q - a scroll of enchant weapon {unknown}
Potions
 e - a potion of magic {unknown}
 g - 3 potions of brilliance {unknown}
 i - 2 potions of might {unknown}
 l - a potion of curing {unknown}
Comestibles
 c - 2 rations
 r - a chunk of flesh


   Skills:
 - Level 3.6 Fighting
 + Level 5.4 Long Blades
 - Level 4.0 Dodging
 - Level 1.7 Stealth


You had 3 spell levels left.
You didn't know any spells.
Your spell library was empty.

Dungeon Overview and Level Annotations

Branches:
Dungeon (3/15)

Altars:
Yredelemnul
Zin


Innate Abilities, Weirdness & Mutations

Shadows flee at your approach. (+LOS)
You can swim through water.
You cover ground slowly.
You can hop short distances.


Message History

Press: ? - help, Shift-Dir - straight line, f/p - orc
Aim: an orc, wielding a dagger and wearing a ring mail (lightly wounded)
You throw a stone. The stone closely misses the orc.
Throwing (i - inventory)
d - 52 stones (quivered)
Press: ? - help, Shift-Dir - straight line, f/p - orc
Aim: an orc, wielding a dagger and wearing a ring mail (lightly wounded)
You throw a stone. The stone barely misses the orc.
You hit the orc.
The orc is heavily wounded.
The orc misses you.
You riposte.
You closely miss the orc.
The orc is heavily wounded.
You hit the orc but do no damage.
The orc is heavily wounded.
The orc priest calls upon Beogh to heal the orc.
The orc's wounds heal themselves!
The orc hits you but does no damage.
Okay, then.
Quiver which item? (- for none, * to show all) (? for menu, Esc to quit)
Okay, then.
Okay, then.
Are you sure you want to abandon this character and quit the game? (Confirm with "yes".)

######.####.......#
#.....†..##.##.##.# #.####.#.#
##.##.# #....# #(..#.# #.###.#..#
#(#o#.# #......(.## #.(.#.#
#####.#####.##.##.#
#........#.##o##.##### #
#..#.###.#...@.......### #
#....###.###..#...##.#.####### +
.....#................'........
####..###.#.###.##...##.#........
#.. #.##.# #.###.###.##..)....
#.##.# #.# #.###.###.###.....# #.
#. #.# #.........# ##...## # .
..# #####.##### ##'## # ### #.#
#.#


You could see an orc priest and an orc.

Vanquished Creatures
  An ooze (D:2)
  5 dart slugs
  A leopard gecko (D:3)
  4 orcs
  A ball python (D:3)
  8 bats
  4 goblins (D:1)
  10 hobgoblins
  3 jackals (D:1)
  3 kobolds
  A frilled lizard (D:1)
  5 rats
46 creatures vanquished.

Notes
Turn   | Place    | Note
-------+----------+-------------------------------------------
     0 | D:1      | CyclopB the Barachi Monk began the quest for the Orb.
     0 | D:1      | Reached XP level 1. HP: 18/18 MP: 1/1
   301 | D:1      | Reached XP level 2. HP: 24/24 MP: 2/2
   309 | D:1      | Reached skill level 4 in Long Blades
   696 | D:1      | Reached XP level 3. HP: 29/29 MP: 3/3
  1329 | D:2      | Reached skill level 5 in Long Blades
  1965 | D:2      | Reached XP level 4. HP: 36/36 MP: 4/4
  2369 | D:3      | Found a basalt altar of Yredelemnul.
  2649 | D:3      | Found a glowing silver altar of Zin.
  2659 | D:3      | Became a worshipper of Zin the Law-Giver
  2659 | D:3      | Reached * piety under Zin
  2659 | D:3      | Reached ** piety under Zin
  2904 | D:3      | Quit the game

Skill      XL: |  1  2  3 |
---------------+----------+-----
Long Blades    | 4 5 |  5.4
Dodging        | 4 |  4.0
Fighting       | |  3.6
Stealth        | |  1.7

Action                   |  1- 3 |  4- 6 || total
-------------------------+-------+-------++-------
Melee: Falchion          |   118 |    17 ||   135
Throw: Stone             |    30 |    26 ||    56
 Abil: Hop               |     3 |       ||     3
  Use: Scroll            |       |     3 ||     3
 Stab: Sleeping          |     3 |       ||     3
  Eat: Chunk             |     4 |     1 ||     5
       Ration            |       |     1 ||     1
Armor: Robe              |     8 |       ||     8
       Leather armour    |     5 |     1 ||     6
Dodge: Dodged            |    79 |     9 ||    88
       Rpst.: Falchion   |    29 |     2 ||    31
